 Dungeon Crawl Stone Soup version 0.31-a0-198-g2ad674f65e (webtiles) character file.

Game seed: 9969937217337345200

76 qw the Shooter (level 4, -2/25 HPs)
             Began as a Deep Elf Hunter on June 25, 2023.
             Succumbed to a water moccasin's poison
             ... on level 3 of the Dungeon.
             The game lasted 00:00:44 (1638 turns).

qw the Shooter (Deep Elf Hunter)                    Turns: 1638, Time: 00:00:45

Health: -2/25      AC:  8    Str: 10    XL:     4   Next: 12%
Magic:  6/6        EV: 11    Int: 14    God:
Gold:   64         SH:  0    Dex: 24    Spells: 3/3 levels left

rFire   . . .        Y - +0 shortbow
rCold   . . .        (shield currently unavailable)
rNeg    . . .        f - +0 ring mail
rPois   .            (no helmet)
rElec   .            (no cloak)
rCorr   .            k - +2 pair of gloves
SInv    .            (no boots)
Will    .....        (no amulet)
Stlth   ++           c - +6 ring of dexterity
HPRegen 0.24/turn    (no ring)
MPRegen 0.10/turn

%: no passive effects
@: lethally poisoned (-2 -> -27)
A: no striking features
a: no special abilities


You were on level 3 of the Dungeon.
You visited 1 branch of the dungeon, and saw 3 of its levels.

You collected 100 gold pieces.
You spent 36 gold pieces at shops.


   Skills:
 - Level 1.5 Fighting
 + Level 7.5 Ranged Weapons
 - Level 2.4 Dodging
 - Level 1.2 Stealth


You had 3 spell levels left.
You didn't know any spells.
Your spell library was empty.

Inventory:

Hand Weapons
 Y - a +0 shortbow (weapon)
Armour
 f - a +0 ring mail (worn)
 k - a +2 pair of gloves (worn)
Jewellery
 c - a +6 ring of dexterity (left hand)
 h - a ring of ice
Scrolls
 a - a scroll of identify
 b - a scroll of fear {unknown}
 d - a scroll of teleportation {unknown}
Potions
 e - a potion of curing
 g - a potion of heal wounds {unknown}

Dungeon Overview and Level Annotations

Branches:
Dungeon (3/15)

Altars:
Sif Muna
The Shining One

Shops:
D:2 !


Message History

You hear a shout!
The water moccasin enters a dispersal trap!
You blink.
A goblin comes into view. It is wielding a +0 dagger.
The water moccasin blinks!
Enter note: You shoot an arrow.
The arrow hits the goblin.
The goblin is moderately wounded.
The water moccasin enters a dispersal trap!
The goblin blinks!
You blink.
A goblin is nearby!
Enter note: You shoot an arrow.
The arrow hits the goblin.
The goblin is heavily wounded.
You hear the slow rusting of a very distant drain.
You shoot an arrow. The arrow hits the goblin!
You kill the goblin!
The water moccasin barely misses you.
Enter note: You shoot an arrow.
The arrow hits the water moccasin.
The water moccasin is heavily wounded.
The water moccasin bites you.
You shoot an arrow. The arrow hits the water moccasin.
The water moccasin is heavily wounded.
The water moccasin bites you. The water moccasin bites you!
You shoot an arrow.
The arrow completely misses the water moccasin.
The water moccasin barely misses you. The water moccasin closely misses you.
You shoot an arrow. The arrow misses the water moccasin.
The water moccasin bites you.
You are poisoned.
The water moccasin poisons you!
You shoot an arrow. The arrow hits the water moccasin.
The water moccasin is severely wounded.
You feel very sick. The water moccasin bites you.
You are more poisoned.
The water moccasin poisons you! The water moccasin barely misses you.
You shoot an arrow. The arrow misses the water moccasin.
You die...

#....#####......#
##.########......#
#..# #...)###..#
######.## #......#..#
.#>#.#%#
####......#..##
#......#
#......_......#
+......#
#...#......##.#
#......###...#......#
.............###@...#
#.#.....###...^S.####
.#.......##......#
#.#.......#.####.#
.#..77.77...# ....
#....7.7....# ###.#
.#.7.....7.. ..
#..77...77.# #
.#...._....#


You could see a water moccasin.

Vanquished Creatures
  An adder (D:2)
  3 worms (D:2)
  3 dart slugs
  2 ball pythons (D:1)
  5 bats
  6 endoplasms
  2 giant cockroaches (D:2)
  7 goblins
  7 hobgoblins
  2 quokkas (D:1)
  3 frilled lizards (D:1)
  3 kobolds
  5 rats
49 creatures vanquished.

Notes
Turn   | Place    | Note
-------+----------+-------------------------------------------
     0 | D:1      | qw the Deep Elf Hunter began the quest for the Orb.
     0 | D:1      | Reached XP level 1. HP: 12/12 MP: 3/3
     0 | D:1      | 0 ||| qw: Version: 0.3-a-22-g0ed2b0b
     0 | D:1      | 0 ||| qw: Game counter: 5348
     0 | D:1      | 0 ||| qw: Melee chars always use a shield: true
     0 | D:1      | 0 ||| qw: God list: Okawaru
     0 | D:1      | 0 ||| qw: Allow faded altars: false
     0 | D:1      | 0 ||| qw: Do Orc after clearing Dungeon:15 true
     0 | D:1      | 0 ||| qw: Do second Lair branch before Depths: true
     0 | D:1      | 0 ||| qw: Lair rune preference: random
     0 | D:1      | 0 ||| qw: Goals: Normal
     0 | D:1      | 0 ||| PLANNING D:1-11
   266 | D:1      | Reached XP level 2. HP: 15/16 MP: 4/4
   268 | D:1      | Reached skill level 6 in Ranged Weapons
   579 | D:1      | 579 ||| FLEEEEING.
   580 | D:1      | 580 ||| FLEEEEING.
   613 | D:1      | Reached XP level 3. HP: 20/20 MP: 5/5
   891 | D:1      | 891 ||| UPGRADING to +0 scale mail.
   901 | D:1      | 901 ||| DROPPING +0 leather armour.
   902 | D:1      | 902 ||| UPGRADING to +0 pair of gloves.
   907 | D:1      | 907 ||| UPGRADING to +0 ring mail.
   917 | D:1      | 917 ||| DROPPING +0 scale mail.
   918 | D:1      | 918 ||| DROPPING scroll of butterflies.
  1030 | D:2      | Reached skill level 7 in Ranged Weapons
  1034 | D:2      | Found Vigoecez's Distillery.
  1274 | D:2      | 1274 ||| SHOPLISTING 2 potions of curing (72 gold, have
                  | 58).
  1274 | D:2      | 1274 ||| BUYING potion of curing (36 gold).
  1274 | D:2      | Bought a potion of curing for 36 gold pieces
  1274 | D:2      | 1274 ||| SHOPLISTING potion of curing (36 gold, have 22).
  1274 | D:2      | 1274 ||| SHOPLISTING potion of enlightenment (60 gold, have
                  | 22).
  1274 | D:2      | 1274 ||| SHOPLISTING potion of haste (120 gold, have 22).
  1392 | D:2      | Reached XP level 4. HP: 25/25 MP: 6/6
  1425 | D:2      | 1425 ||| UPGRADING to +2 pair of gloves.
  1435 | D:2      | 1435 ||| DROPPING +0 pair of gloves.
  1436 | D:2      | 1436 ||| UPGRADING to +6 ring of dexterity.
  1437 | D:2      | 1437 ||| READING scroll labelled ZOT TIUN UCLE.
  1438 | D:2      | 1438 ||| READING scroll labelled XITYED JIEFROSCH.
  1439 | D:2      | 1439 ||| READING scroll labelled VEUSABRAUG.
  1440 | D:2      | 1440 ||| READING scroll labelled NOGHE FUOTSUPA.
  1442 | D:2      | 1442 ||| Stepping ~*~*~tactically~*~*~ (cloud).
  1443 | D:2      | 1443 ||| DRINKING potion of curing.
  1443 | D:2      | 1443 ||| (to cure poison)
  1485 | D:3      | 1485 ||| PLANNING SEWER
  1576 | D:3      | Found a glowing golden altar of the Shining One.
  1609 | D:3      | Found a shimmering blue altar of Sif Muna.
  1621 | D:3      | Noticed a water moccasin
  1637 | D:3      | HP: 3/25 [water moccasin (4)]
  1638 | D:3      | Succumbed to a water moccasin's poison

Levels and vault maps discovered:
D:1:      dpeg_arrival_circle_labyrinth_c, layout_basic
D:2:      layout_basic, serial_shops, shop
D:3:      layout_basic, nicolae_overflow_crystal_walls,
          mainiacjoe_overflow_small_starburst,
          shapermc_ecumenical_altar_starsandcircs, portal_sewer_entry_b,
          serial_shops, shop, nicolae_underground_beach, uniq_natasha,
          uniq_sigmund

Skill      XL: |  1  2  3 |
---------------+----------+-----
Ranged Weapons | 6 7 |  7.5
Fighting       | |  1.5
Dodging        | |  2.4
Stealth        | |  1.2

Action                     |  1- 3 |  4- 6 || total
---------------------------+-------+-------++-------
   Fire: Shortbow          |   139 |    34 ||   173
    Use: Scroll            |       |     4 ||     4
         Potion            |       |     1 ||     1
 Armour: Leather armour    |     4 |       ||     4
         Ring mail         |    10 |     6 ||    16
  Dodge: Dodged            |    31 |    10 ||    41

Table legend:
 A = Non-vault XP
 B = Vault XP
 C = Vault XP percentage of total XP
 D = Non-vault monster count
 E = Vault monster count
 F = Vault count percentage of total count
                 A         B        C        D         E       F
            +---------+---------+-------+---------+---------+-------
      Total |     109 |       0 |   0.0 |      49 |       0 |   0.0
            +---------+---------+-------+---------+---------+-------
        D:1 |      50 |       0 |   0.0 |      28 |       0 |   0.0
        D:2 |      49 |       0 |   0.0 |      15 |       0 |   0.0
        D:3 |      10 |       0 |   0.0 |       6 |       0 |   0.0
            +---------+---------+-------+---------+---------+-------
